 Seeded DCSS version 0.30.0-29-ga12c61a403 (webtiles) character file.

Game seed: 18007716519941398942 (custom seed)

14 Dadbod the Shield-Bearer (level 2, 24/24 HPs)
             Began as a Formicid Fighter on June 5, 2023.
             Quit the game on level 1 of the Dungeon.
             The game lasted 00:02:21 (192 turns).

Dadbod the Shield-Bearer (Formicid Fighter)          Turns: 192, Time: 00:02:22

Health: 24/24      AC:  9    Str: 20    XL:     2   Next: 60%
Magic:  2/2        EV: 13    Int:  7    God:
Gold:   1273       SH:  5    Dex: 13    Spells: 1/1 levels left

rFire   . . .        a - +0 flail
rCold   . . .        c - +0 buckler
rNeg    . . .        b - +0 scale mail
rPois   .            (helmet unavailable)
rElec   .            i - +1 cloak of Starlight {*Dazzle EV+4 Stlth--}
rCorr   .            (no gloves)
SInv    +            (no boots)
Will    .....        e - amulet of the acrobat Stlth
                     (no ring)
HPRegen 0.24/turn    (no ring)
MPRegen 0.08/turn

%: acrobat
@: no status effects
A: permanent stasis, dig shafts and tunnels, antennae 3, four strong arms
a: Dig, Shaft Self


You were on level 1 of the Dungeon.
You visited 1 branch of the dungeon, and saw 1 of its levels.

You collected 1273 gold pieces.

Inventory:

Hand Weapons
 a - a +0 flail (weapon)
Armour
 b - a +0 scale mail (worn)
 c - a +0 buckler (worn)
 i - the +1 cloak of Starlight (worn) {*Dazzle EV+4 Stlth--}
   (You acquired it on level 1 of the Dungeon)

   *Dazzle:   It may blind those who miss an attack against the wearer in melee
   combat.
   EV:        It affects your evasion (+4).
   Stlth:     It makes you much less stealthy.
Jewellery
 e - an amulet of the acrobat (around neck)
 f - an amulet of faith
Scrolls
 g - a scroll of fog {unknown}
 h - a scroll of acquirement
Potions
 d - 2 potions of might


   Skills:
 + Level 3.5 Fighting
 + Level 2.2 Maces & Flails
 + Level 3.5 Armour
 + Level 4.4 Shields


You had one spell level left.
You didn't know any spells.
Your spell library was empty.

Dungeon Overview and Level Annotations

Branches:
Dungeon (1/15)

Altars:


Innate Abilities, Weirdness & Mutations

You cannot be hasted, slowed, berserked, paralysed or teleported.
You can dig through walls and to a lower floor.
You have a pair of large antennae on your head. (SInv)
Your four strong arms can wield two-handed weapons with a shield.


Message History

Found a long sword.
Found a potion of might.
HP restored.
d - 2 potions of might (gained 1)
Found 2 lumpy sapphire potions.
Found a scroll labelled UNKIPPOYZU.
You sense a monster nearby.
A goblin comes into view. It is wielding a +0 dagger.
The goblin shouts!
You hear an angry hiss.
An endoplasm comes into view.
You see here a scroll labelled UNKIPPOYZU.
g - a scroll labelled UNKIPPOYZU The endoplasm quivers.
A frilled lizard comes into view.
The goblin barely misses you.
You barely miss the goblin. The goblin closely misses you.
You sock the goblin!
You kill the goblin!
The endoplasm freezes you.
You are frozen.
You sock the endoplasm!
You kill the endoplasm!
You closely miss the frilled lizard. You block the frilled lizard's attack.
You barely miss the frilled lizard.
The frilled lizard bites you but does no damage.
You block the frilled lizard's attack.
You sock the frilled lizard!
You kill the frilled lizard!
You see here a +0 dagger.
Found 3 scrolls labelled DICAOL JAOKK.
h - 3 scrolls labelled DICAOL JAOKK This is a scroll of acquirement!
Something appears at your feet!
i - the +1 cloak of Starlight {*Dazzle EV+4 Stlth--} You start putting on your armour.
You continue putting on the +1 cloak of Starlight {*Dazzle EV+4 Stlth--}. x4
You finish putting on the +1 cloak of Starlight {*Dazzle EV+4 Stlth--}.
Something appears at your feet!
You now have 1273 gold pieces (gained 1264).
Are you sure you want to abandon this character and quit the game? (Confirm with "yes".)

.....†......
..##.#.####
.###.# .#
#.# .# #.#
.# #.#
####### .#
#.# #.. ..#
####.#####
#.# #.#
##......)#
#.# #@#
#.#.##.##
#.# #.#
#.#..#.#
##.###.#{ #
##.#.#
#...)..#
#.#.#
#..###.# {
#.#.# #..#
#.# #.#.#
#..# ###
#####.#.#
#..#
......#.#
#..#


There were no monsters in sight!

Vanquished Creatures
  4 endoplasms (D:1)
  A goblin (D:1)
  A hobgoblin (D:1)
  4 jackals (D:1)
  A frilled lizard (D:1)
11 creatures vanquished.

Notes
Turn   | Place    | Note
-------+----------+-------------------------------------------
     0 | D:1      | Dadbod the Formicid Fighter began the quest for the Orb.
     0 | D:1      | Reached XP level 1. HP: 18/18 MP: 1/1
    32 | D:1      | Reached XP level 2. HP: 19/24 MP: 2/2
   183 | D:1      | Identified 3 scrolls of acquirement
   183 | D:1      | Acquired the +1 cloak of Starlight {*Dazzle EV+4 Stlth--}
   183 | D:1      | Found the +1 cloak of Starlight {*Dazzle EV+4 Stlth--}
   190 | D:1      | Acquired 1264 gold pieces
   192 | D:1      | Quit the game

Illustrated notes

Levels and vault maps discovered:
D:1:      psy_arrival_dodecagon, layout_basic,
          dreamdust_ecumenical_altar_sealed_demon

Action                     || total
---------------------------++-------
  Melee: Flail             ||    31
Ability: Dig               ||     1
    Use: Scroll            ||     2
 Armour: Scale mail        ||    15
  Dodge: Dodged            ||    11
  Block: Buckler           ||     7
